 Dungeon Crawl Stone Soup version 0.29-a0-885-gb26ba3297d (webtiles) character file.

Game seed: 7040861068107378829

1066 jimonade the Covert (level 8, 0/48 HPs)
             Began as a Kobold Brigand on July 20, 2022.
             Splashed by a jelly's acid (3 damage)
             ... on level 5 of the Dungeon.
             The game lasted 00:07:25 (5074 turns).

jimonade the Covert (Kobold Brigand)                Turns: 5074, Time: 00:07:25

Health: 0/48       AC:  3    Str:  8    XL:     8   Next: 52%
Magic:  0/12       EV: 19    Int: 13    God:
Gold:   148        SH:  0    Dex: 18    Spells: 13/13 levels left

rFire   . . .      SeeInvis .   a - +2 dagger
rCold   + . .      Faith    .   (no shield)
rNeg    . . .      Spirit   +   C - +2 leather armour {rC+}
rPois   .          Reflect  .   r - +0 helmet
rElec   .          Harm     .   c - +0 cloak
rCorr   .          Rampage  .   (no gloves)
Will    .....                   (no boots)
Stlth   ++++++....              o - amulet of guardian spirit
HPRegen 0.16/turn               u - +4 ring of evasion
MPRegen 0.13/turn               y - +4 ring of protection

@: corroded
A: small, no large weapons, nightstalker 3
a: no special abilities


You were on level 5 of the Dungeon.
You visited 1 branch of the dungeon, and saw 5 of its levels.

You collected 148 gold pieces.

Inventory:

Hand Weapons
 a - a +2 dagger (weapon)
 b - a +0 sling
 v - a +0 quarterstaff
 A - a +0 club of chaos
Missiles
 d - 12 poisoned darts (quivered)
 e - 3 curare-tipped darts
 k - 11 boomerangs
Armour
 c - a +0 cloak (worn)
 h - a +0 ring mail
 p - a +0 robe
 r - a +0 helmet (worn)
 C - a +2 leather armour of cold resistance (worn)
 F - a +0 plate armour
Jewellery
 o - an amulet of guardian spirit (around neck)
 u - a +4 ring of evasion (left hand)
 y - a +4 ring of protection (right hand)
 z - a ring of resist corrosion
 B - a ring of protection from fire
 D - a +4 ring of evasion
Wands
 E - a wand of charming (10)
Scrolls
 f - a scroll of magic mapping {unknown}
 g - a scroll of enchant weapon {unknown}
 j - 3 scrolls of teleportation {unknown}
 l - a scroll of immolation {unknown}
 n - 2 scrolls of identify {unknown}
 q - a scroll of poison {unknown}
 x - a scroll of blinking {unknown}
Potions
 i - 2 potions of brilliance {unknown}
 m - a potion of invisibility {unknown}
 s - 3 potions of curing
 t - a potion of haste {unknown}
 w - a potion of attraction {unknown}


   Skills:
 + Level 3.7 Fighting
 + Level 5.5 Short Blades
 - Level 2.1 Throwing
 + Level 0.8 Armour
 + Level 3.6 Dodging
 * Level 10.9 Stealth
 * Level 3.0 Spellcasting


You had 13 spell levels left.
You didn't know any spells.
Your spell library contained the following spells:

 Spells                   Type           Power      Damage    Failure   Level
 Ensorcelled Hibernation  Hex/Ice        4%         N/A       43%         2
 Passwall                 Tmut/Erth      1%         N/A       43%         2
 Swiftness                Air            2%         N/A       67%         3


Dungeon Overview and Level Annotations

Branches:
Dungeon (6/15)
 Temple: D:4-7

Altars:


Innate Abilities, Weirdness & Mutations

You are small and have problems with some larger weapons.
You are completely attuned to the shadows.


Message History

You hit the hound.
The hound is almost dead.
The hound misses you. x2
You hit the hound.
You kill the hound!
You completely miss the jelly. The jelly misses you.
You hit the jelly.
Your hands burn!
The jelly is lightly wounded.
The jelly misses you.
You hit the jelly. The acid corrodes you!
Your hands burn!
The jelly is heavily wounded.
You hit the jelly. The acid corrodes you!
Your hands burn!
The jelly is severely wounded.
The jelly misses you.
You hit the jelly.
Your hands burn!
You punch the jelly, but do no damage.
The jelly is severely wounded.
The jelly barely misses you.
You hit the jelly but do no damage.
Your hands burn!
* * * LOW HITPOINT WARNING * * *
The jelly is severely wounded.
The jelly misses you.
You hit the jelly but do no damage.
Your hands burn!
* * * LOW HITPOINT WARNING * * *
The jelly is severely wounded.
You hit the jelly.
Your hands burn!
* * * LOW HITPOINT WARNING * * *
The jelly is almost dead.
The jelly hits you but does no damage.
You hit the jelly but do no damage.
Your hands burn!
* * * LOW HITPOINT WARNING * * *
The jelly is almost dead.
The jelly barely misses you.
You hit the jelly but do no damage.
Your hands burn!
The jelly is almost dead.
The jelly completely misses you.
You hit the jelly but do no damage.
Your hands burn!
* * * LOW HITPOINT WARNING * * *
The jelly is almost dead.
You hit the jelly.
Your hands burn!
You die...

.# #. .# .# ## ###
########## #..
#[.......# #$#
#####.######.# #.#
# ......# #.#
#@#.# ###.###
####.###J#.#
#................#
########.###.#.###
#.# ##..# .. #..#
#<......#
#.......#
.....b..#


You could see a jelly.

Vanquished Creatures
  2 water moccasins
  An ice beast (D:6)
  An ogre (D:5)
  A black bear (D:5)
  A phantom (D:6)
  A scorpion (D:5)
  A necrophage (D:6)
  2 orc priests
  2 hounds
  2 iguanas (D:5)
  Terence (D:3)
  An orc wizard (D:5)
  Robin (D:3)
  6 gnolls
  3 adders
  A worm (D:2)
  2 dart slugs (D:1)
  8 orcs
  6 bats
  6 endoplasms
  4 giant cockroaches
  8 goblins
  5 hobgoblins
  A quokka (D:3)
  7 ball pythons
  A frilled lizard (D:1)
  3 kobolds
  6 rats
84 creatures vanquished.

Notes
Turn   | Place    | Note
-------+----------+-------------------------------------------
     0 | D:1      | jimonade the Kobold Brigand began the quest for the Orb.
     0 | D:1      | Reached XP level 1. HP: 12/12 MP: 1/1
   147 | D:1      | Reached XP level 2. HP: 6/17 MP: 2/2
   559 | D:1      | Reached skill level 6 in Stealth
   942 | D:1      | Reached XP level 3. HP: 22/22 MP: 3/3
  1732 | D:2      | Reached XP level 4. HP: 27/27 MP: 4/4
  1736 | D:2      | Reached skill level 7 in Stealth
  2531 | D:3      | Noticed Robin
  2559 | D:3      | Killed Robin
  2790 | D:3      | Reached skill level 8 in Stealth
  2790 | D:3      | Reached XP level 5. HP: 31/31 MP: 5/5
  3052 | D:3      | Noticed Terence
  3056 | D:3      | Killed Terence
  3462 | D:3      | Reached skill level 1 in Spellcasting
  3481 | D:3      | You fall into a shaft and drop 3 floors!
  3486 | D:6      | Noticed a phantom
  3518 | D:6      | Killed a phantom
  3519 | D:6      | Reached skill level 9 in Stealth
  3519 | D:6      | Reached XP level 6. HP: 27/36 MP: 7/7
  3603 | D:6      | Noticed a water moccasin
  3627 | D:6      | Killed a water moccasin
  3929 | D:6      | Reached XP level 7. HP: 40/40 MP: 9/9
  4125 | D:5      | Entered Level 5 of the Dungeon
  4268 | D:5      | Reached skill level 10 in Stealth
  4568 | D:5      | Reached XP level 8. HP: 33/46 MP: 8/11
  4839 | D:5      | Reached skill level 5 in Short Blades
  4972 | D:5      | Identified the +0 ring mail "Soijeum" {*Slow Regen+ SInv}
  5074 | D:5      | Splashed by a jelly's acid

Illustrated notes

Levels and vault maps discovered:
D:1:      wander_arrival_chamber, layout_basic
D:2:      layout_loops_ring
D:3:      layout_loops_ring, tgw_xom, hellmonk_ecumenical_altar_inner_sanctum,
          hex_medium, dk_noncrumbling_4, nicolae_elevator_lobby_asterisk,
          uniq_terence, uniq_robin
D:5:      layout_loops_ring, minmay_temple_entry_butterflies
D:6:      layout_gridville, gammafunk_ghost_necromancy, serial_shops,
          shop_statue, abandoned_shop, uniq_blork_the_orc

Skill      XL: |  1  2  3  4  5  6  7  8 |
---------------+-------------------------+-----
Stealth        | 6 8 9 10 | 10.9
Short Blades   | 3 4 5 |  5.5
Spellcasting   | 1 2 3 |  3.0
Dodging        | 2 3 |  3.6
Fighting       | 3 |  3.7
Throwing       | |  2.1
Armour         | |  0.8

Action                   |  1- 3 |  4- 6 |  7- 9 || total
-------------------------+-------+-------+-------++-------
Melee: Dagger            |    60 |   126 |   174 ||   360
       Punch             |       |     1 |     6 ||     7
Throw: Dart              |       |       |     3 ||     3
 Stab: Sleeping          |    19 |    15 |     8 ||    42
       Distracted        |       |     1 |       ||     1
Armor: Robe              |     8 |    24 |     3 ||    35
       Leather armour    |       |       |    23 ||    23
Dodge: Dodged            |    27 |    92 |   106 ||   225

Table legend: (Time is in decaauts)
 A = Elapsed time spent in this place.
 B = Non-inter-level travel time spent in this place.
 C = Inter-level travel time spent in this place.
 D = Time resting spent in this place.
 E = Time spent auto-exploring this place.
 F = Levels seen in this place.
 G = Mean time per level.
                   A        B        C        D        E       F      G
               +--------+--------+--------+--------+--------+-----+--------+
         Total |   5005 |   4986 |     19 |    496 |   3611 |   5 | 1001.0 |
       Dungeon |   5005 |   4986 |     19 |    496 |   3611 |   5 | 1001.0 |
               +--------+--------+--------+--------+--------+-----+--------+

Top non-repeatable levels by time:
     D:1: 1321 daAuts
     D:3: 1182 daAuts
     D:2: 956 daAuts
     D:5: 912 daAuts
     D:6: 632 daAuts
